 Dungeon Crawl Stone Soup version 0.23-a0-650-ga4d50d4 (webtiles) character file.

501 Lanoc the Poker (level 7, -3/55 HPs)
             Began as a Merfolk Monk on Jan 6, 2019.
             Was a Believer of Fedhas.
             Slain by an orc warrior
             ... wielding a +0 hand axe
              (15 damage)
             ... on level 5 of the Dungeon.
             The game lasted 00:10:07 (4627 turns).

Lanoc the Poker (Merfolk Monk)                      Turns: 4627, Time: 00:10:07

Health: -3/55      AC: 11    Str: 12    XL:     7   Next: 17%
Magic:  7/7        EV: 15    Int:  9    God:    Fedhas [**....]
Gold:   301        SH:  0    Dex: 21    Spells: 6/6 levels left

rFire    . . .     SeeInvis .   a - +0 spear
rCold    . . .     Gourm    .   (no shield)
rNeg     . . .     Faith    .   p - +2 ring mail {MR+}
rPois    .         Spirit   .   m - +0 helmet
rElec    .         Reflect  .   (no cloak)
rCorr    .         Harm     .   b - +2 pair of gloves {Dex+3}
MR       +....                  (no boots)
Stlth    ++........             (no amulet)
HPRegen  0.18/turn              (no ring)
MPRegen  0.10/turn              (no ring)

@: very slightly contaminated, invisible
A: change form in water, swift swim, stealthy swim
a: Fungal Bloom, Sunlight, Evolution, Renounce Religion


You were on level 5 of the Dungeon.
You worshipped Fedhas.
Fedhas was pleased with you.
You were not hungry.

You visited 2 branches of the dungeon, and saw 7 of its levels.

You collected 301 gold pieces.

Inventory:

Hand Weapons
 a - a +0 spear (weapon)
Armour
 b - a +2 pair of gloves of dexterity (worn)
 m - a +0 helmet (worn)
 p - a +2 ring mail of magic resistance (worn)
Wands
 f - a wand of digging (6)
 j - a wand of iceblast (12)
Scrolls
 g - a scroll of magic mapping
 h - 2 scrolls of identify
 i - a scroll of amnesia
Potions
 e - a potion of magic
Comestibles
 c - 13 rations


   Skills:
 + Level 4.6 Fighting
 * Level 7.6 Polearms
 + Level 2.0 Armour
 * Level 6.7 Dodging
 - Level 2.1 Stealth


You had 6 spell levels left.
You didn't know any spells.
Your spell library was empty.

Dungeon Overview and Level Annotations

Branches:
Dungeon (6/15)             Temple (1/1) D:4

Altars:
Ashenzari
Cheibriados
Dithmenos
Elyvilon
Fedhas
Gozag
Hepliaklqana
Kikubaaqudgha
Makhleb
Nemelex Xobeh
Okawaru
Ru
Sif Muna
Trog
Uskayaw
Vehumet
Wu Jian
Xom
Yredelemnul
Zin
The Shining One

Shops:
D:4 (

Annotations:
D:4 3 runed doors, Killmatronix's ghost, amateur DDTm


Message History

The orc is almost dead.
You barely miss the orc.
The orc is almost dead.
The orc barely misses you.
You hit the orc.
You kill the orc!
Nothing appears to happen.
The orc warrior hits you with a +0 hand axe.
* * * LOW HITPOINT WARNING * * *
You hit the orc warrior.
The orc warrior is lightly wounded.
You catch the helpless orc warrior completely off-guard!
You hit the orc warrior but do no damage.
The orc warrior is lightly wounded.
The orc warrior closely misses you.
You closely miss the orc warrior.
The orc warrior is lightly wounded.
The orc warrior hits you with a +0 hand axe!
You die...
Fedhas appreciates your contribution to the ecosystem.

#############.......#.....##...
#...................#...###....
#.#############..........#....#
#.# #.......##.#....# #.#
##.........#..... #.# ###
#............... #.# #_#
##......#...#... #.#
##.######...(.#..##### #.#
#...#@##.#....##.# # #.#
##...##o..#..####.##### #.#
#.....#...............# #.#
###.....###>............. #.#
###....8....###.........###
#.###......#......###......##
#.'......8###8....._###.#..#
#####......#.=....###..#...##
###....8....###....##...###


You could see an orc warrior.

Vanquished Creatures
  An ice beast (D:5)
  An ogre (D:5)
  A centaur (D:5)
  A scorpion (D:3)
  A jelly (D:5)
  An orc priest (D:4)
  A worker ant (D:4)
  Robin (D:1)
  An adder (D:2)
  2 oozes
  5 worms
  A dart slug (D:1)
  A leopard gecko (D:4)
  5 orcs
  6 bats
  2 giant cockroaches
  13 goblins
  9 hobgoblins
  3 quokkas
  A ball python (D:2)
  4 frilled lizards
  5 kobolds
  9 rats
75 creatures vanquished.

Notes
Turn   | Place    | Note
-------+----------+-------------------------------------------
     0 | D:1      | Lanoc the Merfolk Monk began the quest for the Orb.
     0 | D:1      | Reached XP level 1. HP: 18/18 MP: 1/1
   156 | D:1      | Reached XP level 2. HP: 16/24 MP: 2/2
   510 | D:1      | Reached skill level 5 in Polearms
   717 | D:1      | Reached XP level 3. HP: 29/29 MP: 3/3
   727 | D:2      | Noticed Robin
   974 | D:1      | Killed Robin
  1273 | D:2      | Reached XP level 4. HP: 32/37 MP: 4/4
  1599 | D:3      | Reached skill level 5 in Dodging
  1714 | D:3      | Reached skill level 1 in Armour
  2158 | D:3      | Found a bloodstained altar of Trog.
  2439 | D:3      | Reached skill level 6 in Polearms
  2439 | D:3      | Reached XP level 5. HP: 32/42 MP: 5/5
  2790 | D:4      | Found Roikua's Antique Weapon Emporium.
  2822 | D:4      | Found a runed gate.
  2822 | D:4      | Found a runed gate.
  2822 | D:4      | Found a runed gate.
  2838 | D:4      | Noticed Killmatronix's ghost (amateur DDTm)
  2930 | D:4      | Found a staircase to the Ecumenical Temple.
  2939 | Temple   | Entered the Ecumenical Temple
  3770 | D:5      | Entered Level 5 of the Dungeon
  3909 | D:5      | Noticed an ogre
  3943 | D:5      | Killed an ogre
  3943 | D:5      | Reached XP level 6. HP: 48/48 MP: 6/6
  4046 | D:5      | Noticed an ice beast
  4086 | D:5      | Killed an ice beast
  4086 | D:5      | Reached skill level 7 in Polearms
  4279 | D:5      | Found a blossoming altar of Fedhas.
  4324 | D:5      | Reached XP level 7. HP: 17/55 MP: 7/7
  4326 | D:5      | Became a worshipper of Fedhas Madash
  4326 | D:5      | Reached * piety under Fedhas
  4326 | D:5      | Reached ** piety under Fedhas
  4351 | D:5      | Found a basalt altar of Yredelemnul.
  4525 | D:5      | Found a hide-covered altar of Uskayaw.
  4534 | D:5      | Found a deep blue altar of Sif Muna.
  4538 | D:5      | Found a burning altar of Makhleb.
  4627 | D:5      | Slain by an orc warrior

Vault maps used:
D:1:      ebering_trefoil_twist
D:2:      nicolae_qazlal_style_of_elements, uniq_robin
D:3:      lemuel_coloured_pillars_altar
D:4:      lemuel_temple_firewalk_b, serial_shops, kennysheep_mini, first_ration,
          ebering_ghost_rock_garden
D:5:      minmay_overflow_temple_star_quad, lemuel_doored_altar,
          fedhas_bush_and_centaur_altar
D:6:      minivault_11
Temple:   eino_temple_rhombus

Skill      XL: |  1  2  3  4  5  6  7 |
---------------+----------------------+-----
Polearms       | 5 6 7 |  7.6
Dodging        | 5 6 |  6.7
Armour         | 1 2 |  2.0
Fighting       | 4 |  4.6
Stealth        | |  2.1

Action                   |  1- 3 |  4- 6 |  7- 9 || total
-------------------------+-------+-------+-------++-------
Melee: Spear             |   140 |   432 |    30 ||   602
Invok: Fungal Bloom      |       |       |     1 ||     1
  Use: Scroll            |       |     8 |     2 ||    10
       Potion            |       |     7 |     1 ||     8
 Stab: Sleeping          |     3 |     1 |       ||     4
       Invisible         |       |     4 |     5 ||     9
  Eat: Chunk             |     1 |     8 |       ||     9
       Ration            |       |     1 |       ||     1
Armor: Robe              |     7 |    10 |       ||    17
       Ring mail         |       |    57 |     6 ||    63
       Skin              |       |     7 |       ||     7
Dodge: Dodged            |    69 |   198 |    14 ||   281

Table legend:
 A = Non-vault XP
 B = Vault XP
 C = Vault XP percentage of total XP
 D = Non-vault monster count
 E = Vault monster count
 F = Vault count percentage of total count
                 A         B        C        D         E       F
            +---------+---------+-------+---------+---------+-------
      Total |     565 |     152 |  21.2 |      61 |      14 |  18.7
            +---------+---------+-------+---------+---------+-------
        D:1 |      35 |      22 |  38.6 |      18 |       4 |  18.2
        D:2 |      32 |      18 |  36.0 |      13 |       9 |  40.9
        D:3 |     108 |       0 |   0.0 |      14 |       0 |   0.0
        D:4 |      98 |       0 |   0.0 |       9 |       0 |   0.0
        D:5 |     292 |     112 |  27.7 |       7 |       1 |  12.5
            +---------+---------+-------+---------+---------+-------
